 Dungeon Crawl Stone Soup version 0.27-a0-1193-g8631133539 (webtiles) character file.

Game seed: 6199441321079662644

32120 MirrMurr the Unseen (level 13, -10/65 HPs)
             Began as a Spriggan Enchanter on May 24, 2021.
             Was the Champion of Okawaru.
             Mangled by a catoblepas (26 damage)
             ... on level 3 of the Lair of Beasts on May 25, 2021.
             The game lasted 00:53:27 (23395 turns).

MirrMurr the Unseen (Spriggan Enchanter)           Turns: 23395, Time: 00:53:28

Health: -10/65     AC:  7    Str:  7    XL:     13   Next: 29%
Magic:  22/23      EV: 27    Int: 24    God:    Okawaru [******]
Gold:   1139       SH:  7    Dex: 16    Spells: 8/24 levels left

rFire    . . .     SeeInvis +   a - +3 dagger (elec)
rCold    . . .     Faith    +   I - +0 buckler
rNeg     . . .     Spirit   .   q - +2 robe {Will+}
rPois    .         Reflect  .   (helmet restricted)
rElec    .         Harm     .   (no cloak)
rCorr    .         Rampage  .   (gloves unavailable)
Will     +++..     Clarity  +   (boots unavailable)
Stlth    +++.......             t - amulet of faith
HPRegen  0.20/turn              j - +4 ring of protection
MPRegen  0.18/turn              O - +6 ring of intelligence

@: very slightly contaminated, slow
A: very small, no large weapons, unfitting armour, see invisible, speed 3,
talons 1, clarity, deformed body, no potion heal 1
a: Renounce Religion, Heroism, Finesse


You were on level 3 of the Lair of Beasts.
You worshipped Okawaru.
Okawaru was exalted by your worship.
You visited 3 branches of the dungeon, and saw 15 of its levels.
You also visited: Bailey.

You collected 1215 gold pieces.
You spent 76 gold pieces at shops.

Inventory:

Hand Weapons
 a - a +3 dagger of electrocution (weapon)
 b - a +1 rapier
 w - a +0 hunting sling
 y - a +5 scimitar of freezing
 R - the +4 dagger "Ceczios" {pain, rPois rC+}
   (Okawaru gifted it to you on level 2 of the Lair of Beasts)

   In the hands of one skilled in necromantic magic, it inflicts extra damage on
   living creatures.
   It protects you from cold.
   It protects you from poison.
Missiles
 c - 36 boomerangs
 h - 90 poisoned darts
 k - a throwing net
 l - 425 stones (quivered)
 v - 12 curare-tipped darts
 A - 18 atropa-tipped darts
 H - 24 sling bullets
Armour
 q - a +2 robe of willpower (worn)
 I - a +0 buckler (worn)
Jewellery
 j - a +4 ring of protection (left hand)
 r - a ring of protection from cold
 t - an amulet of faith (around neck)
 K - a ring of protection from fire
 M - a ring of positive energy
 O - a +6 ring of intelligence (right hand)
Wands
 p - a wand of polymorph (19)
 x - a wand of charming (9)
 E - a wand of acid (16)
 G - a wand of iceblast (17)
Scrolls
 g - 5 scrolls of teleportation
 i - a scroll of identify
 m - a scroll of silence
 n - a scroll of magic mapping
 u - 2 scrolls of fear
 C - 2 scrolls of summoning
 D - a scroll of blinking
 N - 5 scrolls of enchant weapon
 S - 2 scrolls of enchant armour
Potions
 d - 3 potions of mutation
 e - 2 potions of resistance
 f - 5 potions of curing
 o - a potion of haste
 s - 3 potions of heal wounds
 z - 2 potions of might
 B - a potion of invisibility
 J - a potion of cancellation
 P - a potion of brilliance
 Q - a potion of ambrosia
Miscellaneous
 F - a lightning rod (4/4)


   Skills:
 - Level 6.0 Fighting
 - Level 10.0 Short Blades
 - Level 15.0 Dodging
 - Level 15.0 Stealth
 + Level 3.9 Shields
 - Level 6.0 Spellcasting
 - Level 10.0 Hexes
 * Level 4.1 Necromancy
 + Level 5.5 Invocations


You had 8 spell levels left.
You knew the following spells:

 Your Spells              Type           Power      Damage    Failure   Level
a - Ensorcelled Hibernat  Hex/Ice        62%        N/A       1%          2
b - Confusing Touch       Hex            53%        N/A       1%          3
c - Tukima's Dance        Hex            53%        N/A       1%          3
d - Dazzling Flash        Conj/Hex       62%        N/A       3%          3
o - Ozocubu's Armour      Ice            7%         N/A       30%         3
B - Blink                 Tloc           N/A        N/A       16%         2

Your spell library contained the following spells:

 Spells                   Type           Power      Damage    Failure   Level
 Corona                   Hex            58%        N/A       1%          1
 Slow                     Hex            53%        N/A       1%          2
 Freeze                   Ice            28%        1d5       10%         1
 Magic Dart               Conj           28%        1d4       10%         1
 Fulminant Prism          Conj/Hex       15%        3d11      13%         4
 Leda's Liquefaction      Hex/Erth       15%        N/A       13%         4
 Call Imp                 Summ           7%         N/A       16%         2
 Searing Ray              Conj           14%        3d3       16%         2
 Conjure Flame            Conj/Fire      7%         6-21      30%         3
 Frozen Ramparts          Ice            14%        1d3       30%         3
 Mephitic Cloud           Conj/Pois/Air  7%         N/A       30%         3
 Metabolic Englaciation   Hex/Ice        15%        N/A       34%         5
 Animate Armour           Summ/Erth      14%        N/A       69%         4
 Hailstorm                Conj/Ice       7%         3d4       69%         4
 Iskenderun's Mystic Bla  Conj/Tloc      7%         2d4       69%         4
 Bolt of Magma            Conj/Fire/Erth 3%         4d5       95%         5
 Iron Shot                Conj/Erth      3%         9d2       100%        6
 Statue Form              Tmut/Erth      4%         N/A       100%        6
 Shatter                  Erth           3%         3d7*      100%        9


Dungeon Overview and Level Annotations

Branches:
Dungeon (11/15)            Temple (1/1) D:5            Lair (3/6) D:10
  Swamp (0/4) Lair:2        Snake (0/4) Lair:2          Orc (0/2) D:10
 Bailey (visited)

Altars:
Ashenzari
Cheibriados
Dithmenos
Elyvilon
Fedhas
Gozag
Hepliaklqana
Kikubaaqudgha
Makhleb
Nemelex Xobeh
Okawaru
Qazlal
Ru
Sif Muna
Trog
Uskayaw
Vehumet
Wu Jian
Xom
Yredelemnul
Zin
The Shining One

Shops:
D:9 [

Annotations:
D:7 dig


Innate Abilities, Weirdness & Mutations

You are very small and have problems with some larger weapons.
You are too small for most types of armour.
You have supernaturally acute eyesight. (SInv)
You cover ground extremely quickly. (Speed+++)
You have sharp toenails.
You possess an exceptional clarity of mind.
Armour fits poorly on your strangely shaped body.
Potions are less effective at restoring your health.


Message History

Blink to where?
Press: ? - help, Dir - move target Splash!
As you read the scroll of blinking, it crumbles to dust.
You flicker for a moment.
You flicker back into view.
The catoblepas breathes a plume of calcifying dust at you.
The blast of calcifying dust hits you but does no damage.
You see here a book of Callings.
Casting: Ensorcelled Hibernation (safe; 1% risk of failure)
Confirm with . or Enter, or press ? or * to list all spells.
Your hands begin to glow red.
The catoblepas breathes a plume of calcifying dust at you.
The blast of calcifying dust hits you!
You hit the catoblepas but do no damage.
The catoblepas closely misses you.
You hit the catoblepas but do no damage.
You hit the catoblepas but do no damage.
The catoblepas appears confused.
You claw the catoblepas.
The catoblepas is lightly wounded.
You enter the shallow water.
Moving in this stuff is going to be slow.
You hit the catoblepas.
The catoblepas is lightly wounded.
The catoblepas gores you!!
* * * LOW HITPOINT WARNING * * *
Unknown command.
You hit the catoblepas but do no damage.
The catoblepas is lightly wounded.
You hit the catoblepas but do no damage.
The catoblepas is lightly wounded.
The catoblepas completely misses you.
You hit the catoblepas but do no damage.
Lightning courses through the catoblepas!
You claw the catoblepas, but do no damage.
The catoblepas is moderately wounded.
The catoblepas completely misses you.
Your unstable footing causes you to fumble your attack.
The catoblepas gores you!!
You die...

######### ############
#♣.≈≈≈≈≈≈###≈≈≈≈##.≈≈≈#
#::.≈≈#@≈##≈≈≈≈≈≈##≈≈≈#
#!(.≈##Y≈#≈≈≈♣♣≈§§§≈≈≈#
#♣.≈≈♣##≈≈≈≈####≈≈§§§≈#
##### ###### #####§§#
##.## ##.## ##'#
♣#.♣##♣♣♣.♣♣♣♣♣♣♣♣≈≈♣
♣♣.♣♣≈≈≈≈≈♣♣≈♣≈≈≈P≈≈≈♣
♣♣...≈≈≈≈≈≈≈≈≈≈≈≈≈≈≈≈≈♣
♣...≈≈≈≈≈≈P≈≈≈P≈≈≈≈P≈♣♣


You could see a catoblepas (confused).

Vanquished Creatures
  5 hydras
  2 centaur warriors
  4 two-headed ogres
  A death yak (Lair:3)
  2 catoblepae
  An ugly thing (D:8)
  9 elephants
  3 cane toads
  An unseen horror (D:11)
  3 komodo dragons
  3 kobold demonologists (D:11)
  3 rime drakes
  4 trolls
  3 hornets
  A polar bear (Lair:2)
  13 blink frogs
  A vampire (D:9)
  A wraith (D:9)
  5 wyverns
  2 shadows (D:10)
  24 yaks
  2 basilisks (Lair:3)
  3 vampire mosquitoes (D:11)
  3 nagas (Lair:2)
  7 water moccasins
  An ice beast (D:6)
  A sky beast (D:5)
  2 black bears
  A necrophage (D:8)
  7 orc warriors
  An ogre (D:2)
  11 wolves
  3 centaurs
  A phantom (D:10)
  2 kobold brigands
  9 bullfrogs
  A scorpion (D:5)
  A water moccasin zombie (D:5)
  A troll zombie (D:10)
  A wight (D:6)
  13 killer bees
  6 howler monkeys
  3 electric eels (Lair:3)
  A bullfrog zombie (D:6)
  3 centaur zombies
  3 orc priests
  3 hounds
  A centaur skeleton (D:4)
  2 bullfrog skeletons
  An iguana (D:6)
  Jessica (D:3)
  5 orc wizards
  2 killer bee zombies
  5 ogre zombies (D:10)
  A hound skeleton (D:4)
  Robin (D:1)
  A howler monkey zombie (D:9)
  10 adders
  A gnoll (D:8)
  A howler monkey skeleton (D:3)
  A shadow imp (D:7)
  An adder skeleton (D:4)
  2 worms (D:4)
  4 dart slugs
  30 orcs
  2 bats
  8 endoplasms
  A giant cockroach (D:3)
  9 goblins
  12 hobgoblins
  7 jackals
  4 quokkas
  6 ball pythons
  A frilled lizard (D:2)
  2 goblin zombies (D:10)
  A hobgoblin skeleton (D:10)
  2 hobgoblin zombies (D:10)
  37 kobolds
  An orc skeleton (D:10)
  12 orc zombies (D:10)
  A quokka skeleton (D:2)
  5 rats
  A butterfly (Lair:2)
363 creatures vanquished.

Vanquished Creatures (collateral kills)
  Sigmund (D:3)
  An ogre (D:6)
  4 wights (D:6)
6 creatures vanquished.

Vanquished Creatures (others)
  A dancing weapon (D:5)
  14 fungi
  19 plants
  9 toadstools (Lair:3)
  4 withered plants (D:2)
47 creatures vanquished.

Grand Total: 416 creatures vanquished

Notes
Turn   | Place    | Note
-------+----------+-------------------------------------------
     0 | D:1      | MirrMurr the Spriggan Enchanter began the quest for the
                  | Orb.
     0 | D:1      | Reached XP level 1. HP: 9/9 MP: 5/5
   691 | D:1      | Reached XP level 2. HP: 13/13 MP: 6/6
   694 | D:1      | Learned a level 2 spell: Ensorcelled Hibernation
   727 | D:1      | Reached skill level 5 in Stealth
  1179 | D:1      | Found a faded altar of an unknown god.
  1453 | D:2      | Reached XP level 3. HP: 16/16 MP: 8/8
  1481 | D:1      | Learned a level 3 spell: Confusing Touch
  1854 | D:2      | Noticed Robin
  2398 | D:1      | Killed Robin
  2570 | D:2      | Reached XP level 4. HP: 19/21 MP: 9/9
  2805 | D:3      | Noticed an ogre
  2815 | D:2      | Killed an ogre
  2816 | D:2      | Reached XP level 5. HP: 24/24 MP: 7/10
  3055 | D:3      | Noticed Jessica
  3059 | D:3      | Noticed Sigmund
  3076 | D:3      | Killed Jessica
  3105 | D:2      | Learned a level 3 spell: Tukima's Dance
  3356 | D:3      | Killed Sigmund
  3357 | D:3      | Reached skill level 5 in Short Blades
  3357 | D:3      | Reached XP level 6. HP: 25/28 MP: 2/11
  4643 | D:4      | Reached skill level 5 in Hexes
  4909 | D:4      | Found a sparkling altar of Nemelex Xobeh.
  5380 | D:5      | Entered Level 5 of the Dungeon
  5404 | D:5      | Reached XP level 7. HP: 31/32 MP: 12/14
  5409 | D:5      | Learned a level 3 spell: Dazzling Flash
  5414 | D:5      | Found an iron altar of Okawaru.
  5422 | D:5      | Became a worshipper of Warmaster Okawaru
  6005 | D:5      | Found a hide-covered altar of Uskayaw.
  6149 | D:5      | Learned a level 3 spell: Ozocubu's Armour
  6168 | D:5      | Found a staircase to the Ecumenical Temple.
  6174 | Temple   | Entered the Ecumenical Temple
  6937 | D:6      | Reached skill level 1 in Fighting
  7065 | D:6      | Reached XP level 8. HP: 36/37 MP: 15/15
  7074 | D:6      | Reached * piety under Okawaru
  7634 | D:6      | Reached skill level 5 in Dodging
  8936 | D:7      | Reached ** piety under Okawaru
  9138 | D:7      | Found a hazy altar of Hepliaklqana.
  9166 | D:7      | Found a blossoming altar of Fedhas.
  9182 | D:7      | Found a burning altar of Makhleb.
  9182 | D:7      | Noticed a two-headed ogre
  9199 | D:7      | Killed a two-headed ogre
  9200 | D:7      | Reached XP level 9. HP: 45/45 MP: 0/16
  9427 | D:7      | Found an ancient bone altar of Kikubaaqudgha.
  9462 | D:7      | Noticed a troll
  9475 | D:7      | Killed a troll
  9475 | D:7      | Reached *** piety under Okawaru
  9689 | D:7      | Identified the +4 long sword of Kothroet {antimagic, rF++
                  | rC- Dex+2}
 10152 | D:8      | Noticed a two-headed ogre
 10240 | D:8      | Found a flagged portal.
 10255 | Bailey   | Entered a bailey
 10258 | Bailey   | Upgraded the game from 0.27-a0-1191-g601b473118 to
                  | 0.27-a0-1193-g8631133539
 10620 | Bailey   | Identified the +9 halberd "Zedu" {distort, Stlth+}
 10625 | Bailey   | Found an iron altar of Okawaru.
 10791 | Bailey   | Identified the +5 scale mail of the World {+Blink rElec
                  | rPois Stlth-}
 10817 | Bailey   | Gained mutation: You have sharp toenails. [potion of
                  | mutation]
 10817 | Bailey   | Gained mutation: Potions are less effective at restoring
                  | your health. [potion of mutation]
 10817 | Bailey   | Gained mutation: Armour fits poorly on your strangely
                  | shaped body. [potion of mutation]
 10817 | Bailey   | Gained mutation: You possess an exceptional clarity of
                  | mind. [potion of mutation]
 10953 | D:8      | Reached skill level 10 in Stealth
 11408 | D:8      | Found a glowing golden altar of the Shining One.
 11477 | D:8      | Reached skill level 10 in Dodging
 11531 | D:8      | Reached **** piety under Okawaru
 11720 | D:8      | Noticed a purple ugly thing
 11769 | D:8      | Killed a purple ugly thing
 11769 | D:8      | Received a gift from Okawaru
 11770 | D:8      | Reached XP level 10. HP: 32/49 MP: 6/17
 11892 | D:8      | Noticed a centaur warrior
 11896 | D:8      | Killed a centaur warrior
 12309 | D:8      | Killed a two-headed ogre
 12507 | D:8      | Found a bloodstained altar of Trog.
 12722 | D:9      | Noticed a centaur warrior
 12726 | D:9      | Killed a centaur warrior
 12726 | D:9      | Reached ***** piety under Okawaru
 13377 | D:9      | Reached skill level 1 in Invocations
 13686 | D:9      | Found a stormy altar of Qazlal.
 13719 | D:9      | Reached XP level 11. HP: 54/54 MP: 19/19
 13883 | D:9      | Found Peradwi's Armour Boutique.
 13889 | D:9      | Bought a +0 buckler for 76 gold pieces
 14167 | D:10     | Entered Level 10 of the Dungeon
 14168 | D:10     | Found a staircase to the Lair.
 14248 | D:10     | Learned a level 2 spell: Blink
 14413 | D:10     | Found a staircase to the Orcish Mines.
 14416 | D:10     | Reached skill level 5 in Spellcasting
 14853 | D:10     | Noticed a two-headed ogre
 14861 | D:10     | Killed a two-headed ogre
 15668 | D:11     | Noticed a two-headed ogre
 15678 | D:11     | Killed a two-headed ogre
 15679 | D:11     | Reached skill level 1 in Shields
 15906 | D:11     | Identified the -5 hat "Cywuf" {+Inv rN+} (Okawaru gifted it
                  | to you on level 11 of the Dungeon)
 15906 | D:11     | Received a gift from Okawaru
 16154 | D:11     | Reached skill level 5 in Fighting
 17012 | Lair:1   | Entered Level 1 of the Lair of Beasts
 17079 | Lair:1   | Reached ****** piety under Okawaru
 17745 | Lair:1   | Reached XP level 12. HP: 40/60 MP: 5/22
 18190 | Lair:1   | Received a gift from Okawaru
 18485 | Lair:1   | Reached skill level 10 in Hexes
 19265 | Lair:2   | Noticed a catoblepas
 19320 | Lair:2   | Noticed a six-headed hydra
 19327 | Lair:2   | Killed a six-headed hydra
 19784 | Lair:2   | Reached skill level 10 in Short Blades
 20175 | Lair:2   | Killed a catoblepas
 20297 | Lair:2   | Found a staircase to the Swamp.
 20456 | Lair:2   | Found a staircase to the Snake Pit.
 20800 | Lair:2   | Identified the +4 dagger "Ceczios" {pain, rPois rC+}
                  | (Okawaru gifted it to you on level 2 of the Lair of Beasts)
 20800 | Lair:2   | Received a gift from Okawaru
 20991 | Lair:2   | Noticed an eight-headed hydra
 21068 | Lair:2   | Killed an eight-headed hydra
 21069 | Lair:2   | Reached skill level 15 in Stealth
 21069 | Lair:2   | Reached skill level 1 in Necromancy
 21931 | Lair:3   | Noticed a death yak
 21947 | Lair:3   | Killed a death yak
 21947 | Lair:3   | Received a gift from Okawaru
 21948 | Lair:3   | Reached XP level 13. HP: 41/65 MP: 18/23
 22270 | Lair:3   | Reached skill level 5 in Invocations
 22594 | Lair:3   | Found a runed translucent door.
 22910 | Lair:3   | Reached skill level 15 in Dodging
 23258 | Lair:3   | Identified the +10 quarterstaff of Big Damage {antimagic,
                  | rN+} (Okawaru gifted it to you on level 3 of the Lair of
                  | Beasts)
 23258 | Lair:3   | Received a gift from Okawaru
 23395 | Lair:3   | Mangled by a catoblepas

Illustrated notes

Levels and vault maps discovered:
D:1:      evilmike_arrival_crescent, layout_basic,
          shapermc_ecumenical_altar_mp_ritualfount
D:2:      layout_rooms, serial_undead, serial_undead_d, serial_undead_c,
          serial_undead_a, serial_undead_c, uniq_robin
D:3:      layout_rooms, minmay_misc_feat_plants, chequers_serial_rivers_large_a,
          uniq_sigmund, uniq_jessica
D:4:      layout_loops_ring, lemuel_round_altar, kennysheep_generic_room_2
D:5:      minmay_skewed_foursquare, layout_rooms, lemuel_round_altar,
          kennysheep_little_box, minmay_temple_entry_fiery
D:6:      layout_loops_corners
D:7:      layout_loops_corners, grunt_temple_overflow_open, kennysheep_mini,
          serial_glass, glass_columns_b, glass_columns_a, due_unseen_surprise
D:8:      kennysheep_blocky_room, layout_rooms, marbit_many_paths,
          nicolae_overflow_hidden_temple, enter_bailey_6
D:9:      layout_basic, lemuel_doored_altar, serial_shops, shop
D:10:     layout_gridville, lair_entry_dummy, zombieorc1_lemuel
D:11:     layout_layer_cave, portal_ice_cave_rime
Temple:   hc_temple_tempest_star
Lair:1:   layout_small_grid, grunt_megastairs_3
Lair:2:   layout_misc_corridors, swamp_mist, guppyfry_snake_entry_island,
          special_room, lemuel_fruit_fields
Lair:3:   gammafunk_lair_enchanted_lake, layout_hall_layers

Skill      XL: |  1  2  3  4  5  6  7  8  9 10 11 12 13 |
---------------+----------------------------------------+-----
Stealth        | 5 6 7 8 11 12 13 15 | 15.0
Short Blades   | 2 3 4 5 7 8 9 10 | 10.0
Spellcasting   | 4 6 |  6.0
Hexes          | 5 8 9 10 | 10.0
Dodging        | 3 8 10 12 13 14 15 | 15.0
Fighting       | 1 4 5 6 |  6.0
Invocations    | 1 2 4 5 |  5.5
Shields        | 1 3 |  3.9
Necromancy     | 2 4 |  4.1

Action                   |  1- 3 |  4- 6 |  7- 9 | 10-12 | 13-15 || total
-------------------------+-------+-------+-------+-------+-------++-------
Melee: Dagger            |    71 |    56 |   165 |   612 |    83 ||   987
       Rapier            |    56 |   105 |    97 |       |       ||   258
       Unarmed           |       |     3 |       |       |       ||     3
       Kick              |       |       |    14 |   145 |    19 ||   178
Throw: Stone             |    12 |       |     3 |       |       ||    15
 Cast: Corona            |     3 |       |       |       |       ||     3
       Ensorcelled Hiber |     6 |    25 |    55 |   178 |    40 ||   304
       Tukima's Dance    |       |     3 |    21 |     7 |       ||    31
       Confusing Touch   |       |       |     3 |    14 |     3 ||    20
Invok: Heroism           |       |       |     2 |       |       ||     2
  Use: Scroll            |       |    12 |     4 |     7 |     1 ||    24
       Potion            |       |       |     5 |       |     2 ||     7
 Stab: Sleeping          |    12 |    27 |    33 |    89 |    16 ||   177
       Distracted        |     2 |       |       |     3 |     1 ||     6
       Confused          |       |       |     3 |    14 |     1 ||    18
       Invisible         |       |       |       |       |     5 ||     5
Armor: Robe              |    29 |    35 |    39 |    67 |     6 ||   176
       Skin              |       |     1 |       |       |       ||     1
Dodge: Dodged            |    90 |   124 |   237 |   496 |    49 ||   996
Block: Buckler           |       |       |       |   130 |    15 ||   145

Table legend: (Time is in decaauts)
 A = Elapsed time spent in this place.
 B = Non-inter-level travel time spent in this place.
 C = Inter-level travel time spent in this place.
 D = Time resting spent in this place.
 E = Time spent auto-exploring this place.
 F = Levels seen in this place.
 G = Mean time per level.
                   A        B        C        D        E       F      G
               +--------+--------+--------+--------+--------+-----+--------+
         Total |  18317 |  17660 |    657 |   4206 |  10033 |  16 | 1144.8 |
       Dungeon |  12876 |  12355 |    521 |   3053 |   7082 |  11 | 1170.5 |
        Temple |    119 |    108 |     11 |      0 |    106 |   1 |  119.0 |
          Lair |   4740 |   4616 |    124 |    804 |   2788 |   3 | 1580.0 |
        Bailey |    580 |    580 |      0 |    349 |     56 |   1 |  580.0 |
               +--------+--------+--------+--------+--------+-----+--------+

Top non-repeatable levels by time:
  Lair:2: 1760 daAuts
  Lair:1: 1738 daAuts
     D:6: 1455 daAuts
     D:1: 1410 daAuts
    D:10: 1373 daAuts
     D:7: 1366 daAuts
  Lair:3: 1242 daAuts
     D:4: 1217 daAuts
     D:2: 1187 daAuts
     D:9: 1145 daAuts
     D:8: 1128 daAuts
    D:11: 1120 daAuts
     D:5: 857 daAuts
     D:3: 612 daAuts
  Bailey: 580 daAuts
